 Dungeon Crawl Stone Soup version 0.31-a0-1522-g43313d8a59 (webtiles) character file.

Game seed: 4681605717109735032

9 AstroCodex24 the Covered (level 1, 18/18 HPs)
             Began as a Demigod Fighter on Dec 30, 2023.
             Got out of the dungeon alive.
             The game lasted 00:00:45 (230 turns).

AstroCodex24 the Covered (Demigod Fighter)           Turns: 230, Time: 00:00:45

Health: 18/18      AC:  6    Str: 17    XL:     1   Next: 86%
Magic:  3/3        EV:  9    Int: 10    God:
Gold:   19         SH:  4    Dex: 13    Spells: 0/0 levels left

rFire   . . .        a - +0 war axe
rCold   . . .        c - +0 buckler
rNeg    . . .        b - +0 scale mail
rPois   .            (no helmet)
rElec   .            (no cloak)
rCorr   .            (no gloves)
SInv    .            (no boots)
Will    .....        (no amulet) Stlth
                     (no ring)
HPRegen 0.23/turn    (no ring)
MPRegen 0.08/turn

%: no passive effects
@: no status effects
A: high MP 1, forlorn, divine attributes
a: no special abilities


You escaped.
You visited 1 branch of the dungeon, and saw 1 of its levels.

You collected 19 gold pieces.

Inventory:

Hand Weapons
 a - a +0 war axe (weapon)
Armour
 b - a +0 scale mail (worn)
 c - a +0 buckler (worn)
Scrolls
 e - a scroll of identify {unknown}
 f - a scroll of revelation {unknown}
Potions
 d - a potion of might


   Skills:
 + Level 2.9 Fighting
 + Level 1.8 Axes
 + Level 3.0 Armour
 + Level 2.7 Shields


You couldn't memorise any spells.
You didn't know any spells.
Your spell library was empty.

Dungeon Overview and Level Annotations

Branches:
Dungeon (1/15)


Innate Abilities, Weirdness & Mutations

You have an increased reservoir of magic. (+10% MP)
You shall have no god before yourself.
Your divine heritage dramatically boosts your attributes as you level up.


Message History

The giant cockroach is almost dead.
You barely miss the bat. You hit the goblin.
You kill the goblin!
The bat closely misses you.
The giant cockroach bites you but does no damage.
The bat barely misses you. The giant cockroach closely misses you.
Your Armour skill increases to level 3!
You closely miss the giant cockroach.
The giant cockroach is almost dead.
You completely miss the bat. The bat closely misses you.
The giant cockroach barely misses you.
You hit the giant cockroach.
You kill the giant cockroach!
You closely miss the bat. The bat hits you but does no damage.
The bat hits you but does no damage.
You see here a giant cockroach corpse.
The bat misses you. The bat barely misses you. The bat completely misses you.
The bat hits you but does no damage. The bat hits you but does no damage.
You block the bat's attack. You block the bat's attack.
The bat barely misses you. The bat closely misses you.
You see here a giant cockroach corpse.
The bat attacks as it pursues you! The bat hits you but does no damage.
The bat barely misses you. You block the bat's attack.
You see here a giant cockroach corpse.
You hit the bat.
You kill the bat!
Things that are here:
a +0 club; a goblin corpse
f - a scroll labelled IKEMUS DIVOONK
Things that are here:
a ball python corpse; a quokka corpse You see here a quokka corpse.
There is an open door here.
There is a staircase leading out of the dungeon here.
You have escaped!

.# #.# ..# (. #####
####8@8#### #####
##.........## ....#
####8.........8#
###.##....#...8...8...#
.....#..###8.........8#
#.........##.........##
#....#...###.........#
#..#.#
..######'########
.....##.... #..###...#


There were no monsters in sight!

Vanquished Creatures
  A bat (D:1)
  A giant cockroach (D:1)
  A goblin (D:1)
  2 quokkas (D:1)
  2 ball pythons (D:1)
7 creatures vanquished.

Notes
Turn   | Place    | Note
-------+----------+-------------------------------------------
     0 | D:1      | AstroCodex24 the Demigod Fighter began the quest for the
                  | Orb.
     0 | D:1      | Reached XP level 1. HP: 18/18 MP: 3/3
   124 | D:1      | Reached skill level 3 in Armour
   230 | D:$      | Got out of the dungeon alive.

Illustrated notes

Levels and vault maps discovered:
D:1:      mrwooster_arrival_statue_3, layout_loops_cross,
          shapermc_ecumenical_altar_starsandcircs, dk_noncrumbling_4

Skill      XL: |  1 |
---------------+----+-----
Armour         | 3 |  3.0
Fighting       | |  2.9
Axes           | |  1.8
Shields        | |  2.7

Action                     || total
---------------------------++-------
  Melee: War axe           ||    25
 Armour: Scale mail        ||    30
  Dodge: Dodged            ||    22
  Block: Buckler           ||    10

Table legend: (Time is in decaauts)
 A = Elapsed time spent in this place.
 B = Non-inter-level travel time spent in this place.
 C = Inter-level travel time spent in this place.
 D = Time resting spent in this place.
 E = Time spent auto-exploring this place.
 F = Levels seen in this place.
 G = Mean time per level.
                   A        B        C        D        E       F      G
               +--------+--------+--------+--------+--------+-----+--------+
         Total |    241 |    175 |     66 |      0 |      0 |   1 |  241.0 |
       Dungeon |    241 |    175 |     66 |      0 |      0 |   1 |  241.0 |
               +--------+--------+--------+--------+--------+-----+--------+

Top non-repeatable levels by time:
     D:1: 241 daAuts
